 Dungeon Crawl Stone Soup version 0.29-a0-375-g5102b3be25 (webtiles) character file.

Game seed: 10038784716796605157

62 zeratav the Shooter (level 4, -7/26 HPs)
             Began as a Tengu Hunter on May 3, 2022.
             Killed from afar by Ijyb (17 damage)
             ... with an iceblast
             ... on level 2 of the Dungeon.
             The game lasted 00:01:31 (1920 turns).

zeratav the Shooter (Tengu Hunter)                  Turns: 1920, Time: 00:01:32

Health: -7/26      AC:  3    Str: 11    XL:     4   Next: 8%
Magic:  5/5        EV: 12    Int:  9    God:
Gold:   82         SH:  0    Dex: 20    Spells: 3/3 levels left

rFire   . . .      SeeInvis .   a - +1 shortbow {bow}
rCold   . . .      Faith    .   (shield currently unavailable)
rNeg    . . .      Spirit   .   b - +0 leather armour
rPois   .          Reflect  .   (helmet restricted)
rElec   .          Harm     .   (no cloak)
rCorr   .          Rampage  .   (no gloves)
Will    .....                   (boots unavailable)
Stlth   ++........              (no amulet)
HPRegen 0.08/turn               (no ring)
MPRegen 0.09/turn               (no ring)

@: no status effects
A: beak, talons 3
a: no special abilities


You were on level 2 of the Dungeon.
You visited 1 branch of the dungeon, and saw 2 of its levels.

You collected 82 gold pieces.


Innate Abilities, Weirdness & Mutations

You have a beak for a mouth.
You have claws for feet.


   Skills:
 - Level 2.0 Fighting
 + Level 6.1 Bows
 - Level 2.1 Dodging
 - Level 1.0 Stealth


You had 3 spell levels left.
You didn't know any spells.
Your spell library was empty.

Inventory:

Hand Weapons
 a - a +1 shortbow (weapon) {bow}
Armour
 b - a +0 leather armour (worn)
 i - a +0 scale mail
   (You found it on level 1 of the Dungeon)
 m - a +0 leather armour
   (You found it on level 2 of the Dungeon)
 p - a +0 robe
   (You found it on level 1 of the Dungeon)
 t - a +0 robe
   (You found it on level 2 of the Dungeon)
 u - a +0 robe
   (You found it on level 2 of the Dungeon)
Scrolls
 c - a scroll of immolation {!r!r}
 d - a scroll of magic mapping {unknown}
 f - a scroll of noise {unknown}
 l - a scroll of vulnerability {unknown}
 o - a scroll of identify {unknown}
 q - 2 scrolls of fear {unknown}
 r - a scroll of teleportation {unknown}
Potions
 e - 2 potions of flight {unknown}
 g - 2 potions of haste {unknown}
 h - a potion of ambrosia {unknown}
 j - 2 potions of curing {unknown}
 k - a potion of might {unknown}
 n - a potion of attraction {unknown}
 s - a potion of cancellation {unknown}
 v - a potion of degeneration {unknown}
 w - a potion of heal wounds {unknown}
 x - a potion of brilliance {unknown}

Dungeon Overview and Level Annotations

Branches:
Dungeon (2/15)

Altars:

Annotations:
D:2 1 runed translucent door, Crazy Yiuf, Ijyb

#......^..####.# #..
#.........# #.# #..
#.........# #.# #..
#.......<.# #.# ###
##############†#####
#.......#
##########.......#
#................#
#@##########.####.
#.# #....'. #.#
######. #.# ## ##)#
# #.g# # #.g8.8.8.8
# #...g.g... #
#.......gg #


You could see Ijyb and a goblin.


Message History

No target in view!
No target in view!
No target in view!
No target in view!
No target in view!
No target in view!
No target in view!
No target in view!
No target in view!
No target in view!
No target in view!
No target in view!
No target in view!
No target in view!
No target in view!
No target in view!
You see here a hobgoblin corpse.
You open the door.
An endoplasm comes into view.
An endoplasm is nearby!
You shoot an arrow. The arrow hits the endoplasm.
The endoplasm quivers.
You shoot an arrow. The arrow hits the endoplasm!
You kill the endoplasm!
Your Bows skill increases to level 6!
No target in view!
No target in view!
No target in view!
No target in view!
No target in view!
No target in view!
No target in view!
No target in view!
No target in view!
A quokka comes into view.
A quokka is nearby!
A quokka is nearby!
You shoot an arrow. The arrow hits the quokka!
You kill the quokka!
No target in view!
No target in view! 2 goblins come into view.
There are monsters nearby!
Your line of fire to the goblin is blocked by a granite statue.
Continue anyway? [Y]es or [N]o only, please.
Your line of fire to the goblin is blocked by a granite statue.
Continue anyway? [Y]es or [N]o only, please.
Your line of fire to the goblin is blocked by a granite statue.
Continue anyway?
Okay, then. 4 goblins come into view.
The goblin shouts! x2; You hear a shout!
The goblin shouts!
Ijyb the Twisted Goblin comes into view.
She is wielding a +0 dagger and carrying a wand of iceblast (10).
The goblin shouts! x2
Your line of fire to the goblin is blocked by a granite statue.
Continue anyway? [Y]es or [N]o only, please.
Your line of fire to the goblin is blocked by a granite statue.
Continue anyway?
Okay, then.
The goblin unwields a +0 dagger.
The goblin wields a +0 hunting sling.
The goblin shoots a sling bullet.
The sling bullet barely misses you.
You shoot an arrow. The arrow hits the goblin!
You kill the goblin!
The goblin shoots a sling bullet.
The sling bullet hits you.
You have reached level 4!
You feel agile.
HP[+2] MP[+1]
You now have 26 max hp (+5).
You regained 2 hp, and now have 23/26 hp.
Your mp is fully restored (5).
You shoot an arrow.
The arrow hits the goblin but does no damage.
You shoot an arrow. The arrow closely misses the goblin.
You shoot an arrow. The arrow hits the goblin!
You kill the goblin!
The goblin shoots a sling bullet.
The sling bullet hits you.
HP[-3]
You take 3 damage, and now have 20/26 hp.
You shoot an arrow. The arrow hits the goblin.
You kill the goblin!
You shoot an arrow. The arrow hits Ijyb.
HP[+1]
You shoot an arrow. The arrow hits the goblin.
You kill the goblin!
Ijyb zaps a wand.
The mass of ice explodes!
The iceblast engulfs you!
* * * LOW HITPOINT WARNING * * *
HP[-11]
You take 11 damage, and now have 10/26 hp.
MASSIVE DAMAGE!! (PAUSE)
You are too injured to fight recklessly!
You are too injured to fight recklessly!
Shoot: a) +1 shortbow {bow}
Press: ? - help, Q - select action Shift-Dir - straight line, f - goblin
Aim: a goblin, wielding a +0 dagger (61% to hit)
You shoot an arrow. The arrow hits the goblin!
You kill the goblin!
Ijyb screams, "I cut your head off!"
Ijyb zaps a wand.
The mass of ice explodes!
The iceblast engulfs you!
Ouch! That really hurt!
You die...

Skill      XL: |  1  2  3 |
---------------+----------+-----
Bows           | 5 6 |  6.1
Fighting       | |  2.0
Dodging        | |  2.1
Stealth        | |  1.0

Action                   |  1- 3 |  4- 6 || total
-------------------------+-------+-------++-------
 Fire: Shortbow          |    65 |     7 ||    72
Armor: Leather armour    |    10 |       ||    10
Dodge: Dodged            |    24 |       ||    24

Levels and vault maps discovered:
D:1:      dpeg_arrival_long_road, layout_basic, minmay_misc_feat_rugged
D:2:      kennysheep_the_goblin_king, layout_basic,
          chequers_ecumenical_altar_lobes, uniq_crazy_yiuf_cottage

Notes
Turn   | Place    | Note
-------+----------+-------------------------------------------
     0 | D:1      | zeratav the Tengu Hunter began the quest for the Orb.
     0 | D:1      | Reached XP level 1. HP: 12/12 MP: 2/2
     0 | D:1      | magus.rc [v1.9.6]
   276 | D:1      | Reached XP level 2. HP: 17/17 MP: 3/3
   322 | D:1      | You fall into a shaft and drop 1 floor!
   571 | D:2      | Found a runed translucent door.
   572 | D:2      | Noticed Crazy Yiuf
   598 | D:2      | Reached skill level 5 in Bows
  1309 | D:1      | HP: 4/17 [poisoned by an adder]
  1312 | D:1      | Reached XP level 3. HP: 4/21 MP: 4/4
  1630 | D:2      | Found a faded altar of an unknown god.
  1894 | D:2      | Reached skill level 6 in Bows
  1907 | D:2      | Noticed Ijyb
  1914 | D:2      | Reached XP level 4. HP: 23/26 MP: 5/5
  1920 | D:2      | Killed from afar by Ijyb

Vanquished Creatures
  2 adders
  2 worms (D:2)
  2 bats
  5 endoplasms
  2 giant cockroaches (D:1)
  8 goblins
  4 hobgoblins
  A quokka (D:2)
  2 ball pythons (D:1)
  5 kobolds
33 creatures vanquished.

Table legend:
 A = Non-vault XP
 B = Vault XP
 C = Vault XP percentage of total XP
 D = Non-vault monster count
 E = Vault monster count
 F = Vault count percentage of total count
                 A         B        C        D         E       F
            +---------+---------+-------+---------+---------+-------
      Total |      81 |      10 |  11.0 |      28 |       5 |  15.2
            +---------+---------+-------+---------+---------+-------
        D:1 |      41 |       0 |   0.0 |      16 |       0 |   0.0
        D:2 |      40 |      10 |  20.0 |      12 |       5 |  29.4
            +---------+---------+-------+---------+---------+-------

Illustrated notes

Table legend:
 A = Kills in this place as a percentage of kills in entire the game.
 B = Kills by you in this place as a percentage of kills by you in the entire game.
 C = Kills by friends in this place as a percentage of kills by friends in the entire game.
 D = Other kills in this place as a percentage of other kills in the entire game.
 E = Experience gained in this place as a percentage of experience gained in the entire game.
 F = Experience gained in this place divided by the number of levels of this place that you have seen.
                   A       B       C       D       E      F
               +-------+-------+-------+-------+-------+----------------------
         Total | 100.0 | 100.0 |   N/A |   N/A | 100.0 |  45.5
       Dungeon | 100.0 | 100.0 |   N/A |   N/A | 100.0 |  45.5
               +-------+-------+-------+-------+-------+----------------------

Table legend: (Time is in decaauts)
 A = Elapsed time spent in this place.
 B = Non-inter-level travel time spent in this place.
 C = Inter-level travel time spent in this place.
 D = Time resting spent in this place.
 E = Time spent auto-exploring this place.
 F = Levels seen in this place.
 G = Mean time per level.
                   A        B        C        D        E       F      G
               +--------+--------+--------+--------+--------+-----+--------+
         Total |   1942 |   1760 |    182 |    435 |   1167 |   2 |  971.0 |
       Dungeon |   1942 |   1760 |    182 |    435 |   1167 |   2 |  971.0 |
               +--------+--------+--------+--------+--------+-----+--------+

Top non-repeatable levels by time:
     D:1: 1150 daAuts
     D:2: 792 daAuts
